 Dungeon Crawl Stone Soup version 0.26.0-10-g1f06aea511 (webtiles) character file.

Game seed: 7461535378966226969

22682 funkygono the Thaumaturge (level 12, -2/85 HPs)
             Began as a Red Draconian Conjurer on Feb 1, 2021.
             Was an Elder of Sif Muna.
             Succumbed to barbed spike wounds
             ... on level 12 of the Dungeon.
             The game lasted 01:06:54 (20564 turns).

funkygono the Thaumaturge (Red Draconian Conjurer) Turns: 20564, Time: 01:06:55

Health: -2/85      AC: 21    Str: 13    XL:     12   Next: 65%
Magic:  4/28       EV: 13    Int: 23    God:    Sif Muna [****..]
Gold:   1073       SH:  0    Dex: 11    Spells: 13/35 levels left

rFire    + . .     SeeInvis .   m - +2 whip
rCold    . . .     Faith    .   (no shield)
rNeg     . . .     Spirit   .   (armour unavailable)
rPois    .         Reflect  .   (helmet restricted)
rElec    .         Harm     .   K - +2 cloak
rCorr    .         Rampage  .   r - +2 pair of gloves
Will     .....                  v - +2 pair of boots
Stlth    +++.......             (no amulet)
HPRegen  0.24/turn              E - +4 ring of protection
MPRegen  0.21/turn              f - ring "Ciekkeu" {Wiz Str+4 Stlth+}

@: barbed spikes, studying Ice Magic
A: breathe fire, unfitting armour, fire resistance 1, cold-blooded, AC +8
a: Breathe Fire, Renounce Religion, Channel Magic, Forget Spell, Divine Exegesis


You were on level 12 of the Dungeon.
You worshipped Sif Muna.
Sif Muna was greatly pleased with you.
You visited 3 branches of the dungeon, and saw 16 of its levels.
You also visited: Sewer.

You collected 1073 gold pieces.

Inventory:

Hand Weapons
 m - a +2 whip (weapon)
 t - the +2 falchion of Courage {venom, rPois rC- MP+9 Str+7}
   (You found it on level 4 of the Dungeon)

   It poisons the flesh of those it strikes.
   It affects your strength (+7).
   It makes you vulnerable to cold.
   It protects you from poison.
   It affects your magic capacity (+9).
Armour
 i - a +3 tower shield
 j - a +2 cloak
 r - a +2 pair of gloves (worn)
 v - a +2 pair of boots (worn)
 K - a +2 cloak (worn)
Magical Staves
 H - an uncursed staff of conjuration
Jewellery
 a - an uncursed ring of flight
 f - the ring "Ciekkeu" (right hand) {Wiz Str+4 Stlth+}
   (You acquired it on level 11 of the Dungeon)

   [ring of wizardry]

   It improves your spell success rate.
   It affects your strength (+4).
   It makes you more stealthy.
 g - an uncursed ring of protection from fire
 E - a +4 ring of protection (left hand)
Wands
 b - a wand of random effects (54)
 c - a wand of iceblast (7)
 n - a wand of flame (5)
Scrolls
 d - a scroll of amnesia
 k - 3 scrolls of enchant armour
 o - 9 scrolls of remove curse
 x - 12 scrolls of teleportation
 F - 2 scrolls of magic mapping
 G - a scroll of identify
 I - 2 scrolls of blinking
 J - a scroll of fog
Potions
 e - 4 potions of flight
 h - 8 potions of curing
 l - a potion of mutation {unknown}
 p - 2 potions of resistance
 q - 4 potions of heal wounds
 s - a potion of invisibility
 u - 2 potions of might
 w - a potion of magic
 z - 3 potions of haste
 A - a potion of cancellation {unknown}
 B - 3 potions of brilliance
 C - 2 potions of berserk rage
 D - 2 potions of attraction
Books
 y - a manual of Ice Magic


   Skills:
 + Level 1.9 Fighting
 + Level 3.4 Maces & Flails
 + Level 4.1 Dodging
 + Level 3.4 Stealth
 + Level 12.3 Spellcasting
 + Level 10.9 Conjurations
 + Level 5.0 Translocations
 * Level 6.0 Fire Magic
 + Level 8.5 Ice Magic
 * Level 5.0 Earth Magic


You had 13 spell levels left.
You knew the following spells:

 Your Spells              Type           Power        Failure   Level
a - Magic Dart            Conj           100%         1%          1
b - Searing Ray           Conj           100%         1%          2
c - Iskenderun's Mystic   Conj/Tloc      50%          1%          4
d - Frozen Ramparts       Ice            100%         1%          3
e - Ozocubu's Armour      Ice            52%          1%          3
f - Hailstorm             Conj/Ice       56%          1%          4
g - Bolt of Magma         Conj/Fire/Erth 24%          2%          5

Your spell library contained the following spells:

 Spells                   Type           Power        Failure   Level
 Animate Skeleton         Necr           28%          1%          1
 Apportation              Tloc           74%          1%          1
 Beastly Appendage        Tmut           28%          1%          1
 Corona                   Hex            15%          1%          1
 Freeze                   Ice            100%         1%          1
 Summon Small Mammal      Summ           56%          1%          1
 Dazzling Flash           Conj/Hex       78%          1%          3
 Inner Flame              Hex/Fire       28%          1%          3
 Portal Projectile        Hex/Tloc       50%          1%          3
 Fulminant Prism          Conj/Hex       19%          1%          4
 Iskenderun's Battlesphe  Conj           59%          1%          5
 Call Imp                 Summ           14%          2%          2
 Slow                     Hex            14%          2%          2
 Wereblood                Tmut           14%          2%          2
 Ice Form                 Ice/Tmut       33%          3%          4
 Summon Ice Beast         Ice/Summ       33%          3%          4
 Call Canine Familiar     Summ           14%          5%          3
 Spider Form              Tmut/Pois      7%           5%          3
 Summon Guardian Golem    Hex/Summ       14%          5%          3
 Leda's Liquefaction      Hex/Erth       12%          6%          4
 Iron Shot                Conj/Erth      25%          11%         6
 Orb of Destruction       Conj           29%          16%         7
 Cause Fear               Hex            7%           17%         4
 Summon Lightning Spire   Summ/Air       14%          17%         4
 Blade Hands              Tmut           7%           43%         5
 Spellforged Servitor     Conj/Summ      19%          82%         7


Dungeon Overview and Level Annotations

Branches:
Dungeon (12/15)            Temple (1/1) D:4            Lair (3/6) D:9
    Orc (0/2) D:11          Sewer (visited)
  Swamp: Lair:2-4    Shoals: Lair:2-4     Snake: Lair:2-4    Spider: Lair:2-4

Altars:
Ashenzari
Cheibriados
Dithmenos
Elyvilon
Fedhas
Gozag
Hepliaklqana
Kikubaaqudgha
Makhleb
Nemelex Xobeh
Okawaru
Qazlal
Ru
Sif Muna
Trog
Uskayaw
Vehumet
Wu Jian
Xom
Yredelemnul
Zin
The Shining One

Shops:
D:7 *   D:8 }

Annotations:
Lair:1 1 runed translucent door, StoneSoupSpirit's ghost, journeyman DsCK
Lair:2 3 runed translucent doors, bomjman's ghost, journeyman TrEE


Innate Abilities, Weirdness & Mutations

You can breathe blasts of fire.
Your fiery red scales are hard. (AC +8)
You cannot fit into any form of body armour.
Your flesh is heat resistant. (rF+)
You are cold-blooded and may be slowed by cold attacks.


Message History

* * * LOW HITPOINT WARNING * * *
Things that are here:
a manticore corpse; a vampire mosquito corpse The barbed spikes dig painfully into your body as you move.
* * * LOW HITPOINT WARNING * * *
You feel much better.
The barbed spikes dig painfully into your body as you move.
The barbed spikes dig painfully into your body as you move.
The barbed spikes dig painfully into your body as you move.
* * * LOW HITPOINT WARNING * * *
The barbed spikes dig painfully into your body as you move.
* * * LOW HITPOINT WARNING * * *
The barbed spikes dig painfully into your body as you move.
* * * LOW HITPOINT WARNING * * *
The barbed spikes dig painfully into your body as you move.
* * * LOW HITPOINT WARNING * * *
The barbed spikes dig painfully into your body as you move.
* * * LOW HITPOINT WARNING * * *
The barbed spikes dig painfully into your body as you move.
You die...

.....................#
.....................#
..........c..........#
.....................#
.....................#
.....................#
....(.)..............#
...(.................#
#)..............@....#
#(..################.#
#(..# #†# #(.(# #.###
#...# #...#### #...#
#.#....# #..(#
#......# #...#
##########.≈≈≈..#
..###
...........≈⌠...#


You could see a centaur (wandering).

Vanquished Creatures
  A hydra (Lair:2)
  A two-headed ogre (D:9)
  3 death yaks (Lair:2)
  2 unseen horrors (D:12)
  3 ugly things
  2 wolf spiders (Lair:1)
  2 manticores
  Maurice (D:9)
  A black mamba (Lair:2)
  A centaur skeleton (D:11)
  4 cane toads
  A rime drake (Lair:2)
  2 komodo dragons (Lair:2)
  Prince Ribbit (D:9)
  A hornet (D:9)
  3 blink frogs (Lair:2)
  23 yaks
  A vampire (D:12)
  3 basilisks
  3 vampire mosquitoes
  A warg (D:11)
  Menkaure (D:4)
  10 water moccasins
  7 orc warriors
  5 black bears (D:9)
  2 ice beasts
  A phantom (D:5)
  8 ogres
  4 wolves (Lair:2)
  6 centaurs
  4 big kobolds
  Blork the orc (D:4)
  11 bullfrogs
  A wyvern skeleton (D:8)
  5 scorpions
  7 killer bees
  9 wights
  3 electric eels (D:9)
  6 howler monkeys
  6 hounds
  2 jellies
  10 orc priests
  2 bullfrog skeletons
  2 iguanas
  8 orc wizards
  10 worker ants
  A killer bee zombie (D:5)
  A hound zombie (D:8)
  A hound skeleton (D:8)
  Robin (D:4)
  8 gnolls
  2 river rats (Sewer)
  2 worker ant zombies
  15 adders
  2 shadow imps
  3 ufetubi
  3 oozes
  An adder zombie (D:5)
  6 worms
  3 dart slugs
  12 leopard geckos
  36 orcs
  7 bats
  3 giant cockroaches (D:5)
  11 goblins
  11 hobgoblins
  12 jackals
  4 quokkas
  5 ball pythons
  7 frilled lizards
  A giant cockroach zombie (D:5)
  26 kobolds
  11 rats
386 creatures vanquished.

Vanquished Creatures (others)
  A bush (Lair:1)
  81 fungi
  118 plants
200 creatures vanquished.

Grand Total: 586 creatures vanquished

Notes
Turn   | Place    | Note
-------+----------+-------------------------------------------
     0 | D:1      | funkygono the Draconian Conjurer began the quest for the
                  | Orb.
     0 | D:1      | Reached XP level 1. HP: 14/14 MP: 3/3
    80 | D:1      | Reached XP level 2. HP: 20/20 MP: 0/5
   122 | D:1      | Learned a level 2 spell: Searing Ray
   582 | D:1      | Reached XP level 3. HP: 26/26 MP: 3/6
  1164 | D:2      | Reached skill level 5 in Conjurations
  1855 | D:2      | Reached XP level 4. HP: 33/33 MP: 0/7
  2631 | D:3      | Found a sacrificial altar of Ru.
  2666 | D:3      | Reached XP level 5. HP: 16/38 MP: 2/9
  2681 | D:3      | Reached skill level 3 in Spellcasting
  3492 | D:4      | Noticed Menkaure
  3716 | D:4      | Noticed Blork the orc
  3722 | D:4      | Killed Blork the orc
  3846 | D:4      | Found a staircase to the Ecumenical Temple.
  3907 | D:4      | Killed Menkaure
  3908 | D:4      | Reached XP level 6. HP: 45/45 MP: 3/11
  3936 | Temple   | Entered the Ecumenical Temple
  4090 | Temple   | Became a worshipper of Sif Muna the Loreminder
  4266 | D:4      | Noticed Robin
  4270 | D:4      | Killed Robin
  4271 | D:4      | Reached skill level 4 in Spellcasting
  4524 | D:4      | Got a scorched falchion
  4525 | D:4      | Identified the +2 falchion of Courage {venom, rPois rC-
                  | MP+9 Str+7} (You found it on level 4 of the Dungeon)
  4720 | D:4      | Reached skill level 1 in Maces & Flails
  4720 | D:4      | Your scales start taking on a fiery red colour.
  4720 | D:4      | Reached XP level 7. HP: 50/50 MP: 9/13
  4720 | D:4      | Gained mutation: Your flesh is heat resistant. (rF+) [Red
                  | Draconian growth]
  4860 | D:4      | Learned a level 4 spell: Iskenderun's Mystic Blast
  4900 | D:5      | Entered Level 5 of the Dungeon
  5021 | D:5      | Found a radiant altar of Vehumet.
  5117 | D:5      | Found a glowing drain.
  5152 | Sewer    | Entered a sewer
  5162 | Sewer    | Reached * piety under Sif Muna
  5542 | Sewer    | Reached skill level 5 in Spellcasting
  6033 | D:5      | Reached XP level 8. HP: 54/58 MP: 7/16
  6208 | D:5      | Reached skill level 1 in Translocations
  6538 | D:6      | Reached skill level 6 in Spellcasting
  6745 | D:6      | Reached ** piety under Sif Muna
  7467 | D:7      | Found an opulent altar of Gozag.
  7467 | D:7      | Found Gozag's Platinum Reserve.
  7619 | D:7      | Reached skill level 7 in Spellcasting
  8405 | D:8      | Reached XP level 9. HP: 51/63 MP: 7/20
  8605 | D:8      | Found Gacsee's Gadget Shop.
  8620 | D:8      | Learned a level 3 spell: Frozen Ramparts
  8624 | D:8      | Learned a level 3 spell: Ozocubu's Armour
  8629 | D:8      | Learned a level 4 spell: Hailstorm
  8708 | D:8      | Noticed a green ugly thing
  8723 | D:8      | Killed a green ugly thing
  8724 | D:8      | Reached skill level 8 in Spellcasting
  8724 | D:8      | Reached skill level 1 in Ice Magic
 10048 | D:9      | Reached *** piety under Sif Muna
 10281 | D:9      | Noticed Maurice
 10314 | D:9      | Killed Maurice
 10486 | D:9      | Reached skill level 9 in Spellcasting
 10490 | D:9      | Reached XP level 10. HP: 69/70 MP: 11/23
 10587 | D:9      | Noticed Prince Ribbit
 10597 | D:9      | Killed Prince Ribbit
 10669 | D:9      | Found a staircase to the Lair.
 11317 | D:9      | Reached skill level 5 in Ice Magic
 11449 | D:9      | Noticed a purple ugly thing
 11459 | D:9      | Killed a purple ugly thing
 11610 | D:9      | Learned a level 5 spell: Bolt of Magma
 11637 | D:9      | Noticed a two-headed ogre
 11755 | D:9      | Killed a two-headed ogre
 11756 | D:9      | Reached skill level 10 in Spellcasting
 11756 | D:9      | Reached skill level 1 in Fire Magic
 11904 | D:9      | Reached skill level 1 in Fighting
 11904 | D:9      | Reached skill level 1 in Earth Magic
 12385 | D:10     | Entered Level 10 of the Dungeon
 12595 | D:10     | Reached **** piety under Sif Muna
 13476 | D:10     | Reached XP level 11. HP: 66/77 MP: 15/25
 14378 | D:11     | Noticed a brown ugly thing
 14383 | D:11     | Killed a brown ugly thing
 14384 | D:11     | Reached skill level 5 in Translocations
 14575 | D:11     | Found a staircase to the Orcish Mines.
 14924 | D:11     | Reached skill level 10 in Conjurations
 15080 | D:11     | Identified a scroll of acquirement
 15080 | D:11     | Acquired the ring "Ciekkeu" {Wiz Str+4 Stlth+}
 15103 | D:12     | Noticed a five-headed hydra
 15246 | Lair:1   | Entered Level 1 of the Lair of Beasts
 15454 | Lair:1   | Noticed a wolf spider
 15463 | Lair:1   | Killed a wolf spider
 15472 | Lair:1   | Noticed a wolf spider
 15647 | Lair:1   | Killed a wolf spider
 15648 | Lair:1   | Reached skill level 11 in Spellcasting
 16703 | Lair:1   | Found a runed translucent door.
 16703 | Lair:1   | Noticed StoneSoupSpirit's ghost (journeyman DsCK)
 17290 | Lair:2   | Found a runed translucent gate.
 17290 | Lair:2   | Found a runed translucent gate.
 17290 | Lair:2   | Found a runed translucent gate.
 17299 | Lair:2   | Noticed bomjman's ghost (journeyman TrEE)
 17310 | Lair:2   | Reached XP level 12. HP: 73/84 MP: 11/27
 17612 | Lair:2   | Noticed a minotaur
 17787 | Lair:2   | Reached skill level 5 in Fire Magic
 18034 | Lair:2   | Noticed a death yak
 18035 | Lair:2   | Noticed a death yak
 18035 | Lair:2   | Noticed a death yak
 18058 | Lair:2   | Killed a death yak
 18064 | Lair:2   | Killed a death yak
 18065 | Lair:2   | Reached skill level 12 in Spellcasting
 18082 | Lair:2   | Killed a death yak
 19004 | Lair:3   | Noticed an eight-headed hydra
 19014 | Lair:2   | Killed an eight-headed hydra
 20533 | D:12     | Reached skill level 5 in Earth Magic
 20550 | D:12     | HP: 3/85 [manticore/volley of spikes (13)]
 20563 | D:12     | HP: 1/85 [barbs]
 20564 | D:12     | Succumbed to barbed spike wounds

Illustrated notes

Levels and vault maps discovered:
D:1:      nicolae_arrival_somewhat_less_tricky_arrival, layout_loops_ring,
          skrybe_limestone_x
D:2:      layout_basic
D:3:      layout_basic, lemuel_doored_altar
D:4:      layout_gridville, minmay_temple_entry_offerings, uniq_robin,
          uniq_blork_the_orc, uniq_menkaure
D:5:      layout_rooms, gup_sewer_entry_bubbles, basic_altar,
          minmay_manual_monolith
D:6:      layout_cave_pools
D:7:      layout_basic, minmay_misc_feat_ornament,
          nicolae_gozag_zags_fifth_avenue
D:8:      layout_gridville, serial_shops, nicolae_shop_statue_plus
D:9:      kennysheep_windowed_halls, layout_basic, due_lair_maze_entry_diamond,
          uniq_maurice, uniq_prince_ribbit1
D:10:     layout_roguey, grunt_ministairs_3
D:11:     layout_basic, david_orc_1_choice, serial_bayou_pond_c,
          minmay_misc_feat_alley
D:12:     layout_long_grid, corexii_leaking_fountain, drop_trap, led_sif_book
Temple:   kilobyte_greek_temple
Lair:1:   minmay_lair_venomous_thicket, layout_loops_ring, gammafunk_ghost_grave
Lair:2:   layout_chaotic_city, maelrawn_ghost_gauntlet_escape,
          nicolae_volcano_entry_two_sided, infiniplex_staircase_pool,
          lemuel_fruit_tree
Lair:3:   gammafunk_mikee_crab_dinner, layout_big_grid,
          nicolae_swamp_entry_splash_gauntlet, minmay_lair_oklob_chamber,
          lemuel_fruit_fields

Skill      XL: |  1  2  3  4  5  6  7  8  9 10 11 12 |
---------------+-------------------------------------+-----
Conjurations   | 5 6 7 8 9 10 | 10.9
Dodging        | 2 3 4 |  4.1
Spellcasting   | 3 4 5 7 9 10 11 12 | 12.3
Stealth        | 2 3 |  3.4
Maces & Flails | 1 2 3 |  3.4
Translocations | 3 4 5 |  5.0
Ice Magic      | 4 6 7 8 |  8.5
Fire Magic     | 1 4 6 |  6.0
Fighting       | 1 |  1.9
Earth Magic    | 2 4 5 |  5.0

Action                   |  1- 3 |  4- 6 |  7- 9 | 10-12 || total
-------------------------+-------+-------+-------+-------++-------
Melee: Club              |    12 |     4 |       |       ||    16
       Tailslap          |       |     1 |     1 |    18 ||    20
       Whip              |       |     2 |    24 |   102 ||   128
 Cast: Magic Dart        |    57 |    76 |   122 |   125 ||   380
       Searing Ray       |     7 |    17 |    71 |    75 ||   170
       Iskenderun's Myst |       |       |     8 |    14 ||    22
       Frozen Ramparts   |       |       |    14 |    58 ||    72
       Ozocubu's Armour  |       |       |     8 |    22 ||    30
       Hailstorm         |       |       |     2 |    11 ||    13
       Bolt of Magma     |       |       |       |    31 ||    31
  Use: Scroll            |     5 |     3 |    12 |    11 ||    31
       Potion            |       |       |     2 |     7 ||     9
Armor: Skin              |     6 |       |    63 |   187 ||   256
Dodge: Dodged            |    16 |     9 |    72 |   170 ||   267
